 Dungeon Crawl Stone Soup version 0.31-a0-187-gba352fbbf7 (webtiles) character file.

Game seed: 16891196356882746767

195 qw the Skirmisher (level 5, 0/29 HPs)
             Began as a Deep Elf Hunter on June 22, 2023.
             Slain by an ufetubus (1 damage)
             ... on level 5 of the Dungeon.
             The game lasted 00:00:50 (1982 turns).

qw the Skirmisher (Deep Elf Hunter)                 Turns: 1982, Time: 00:00:51

Health: 0/29       AC:  8    Str: 10    XL:     5   Next: 45%
Magic:  7/7        EV: 11    Int: 14    God:
Gold:   95         SH:  0    Dex: 18    Spells: 4/4 levels left

rFire   . . .        Y - +4 shortbow
rCold   . . .        (shield currently unavailable)
rNeg    . . .        i - +0 ring mail
rPois   .            b - +1 helmet
rElec   .            (no cloak)
rCorr   .            (no gloves)
SInv    .            j - +0 pair of boots
Will    .....        (no amulet)
Stlth   +            h - +4 ring of slaying {mikee}
HPRegen 0.24/turn    (no ring)
MPRegen 0.10/turn

%: no passive effects
@: no status effects
A: no striking features
a: no special abilities


You were on level 5 of the Dungeon.
You visited 1 branch of the dungeon, and saw 6 of its levels.

You collected 95 gold pieces.


   Skills:
 + Level 1.5 Fighting
 - Level 9.0 Ranged Weapons
 - Level 2.4 Dodging
 - Level 1.2 Stealth


You had 4 spell levels left.
You didn't know any spells.
Your spell library was empty.

Inventory:

Hand Weapons
 Y - a +4 shortbow (weapon)
Armour
 b - a +1 helmet (worn)
 i - a +0 ring mail (worn)
 j - a +0 pair of boots (worn)
Jewellery
 h - a +4 ring of slaying (left hand) {mikee}
Scrolls
 a - a scroll of identify
Potions
 d - a potion of curing
 e - a potion of degeneration {unknown}
 f - a potion of attraction {unknown}
 g - a potion of magic {unknown}
 k - a potion of enlightenment {unknown}
 l - a potion of ambrosia {unknown}

Dungeon Overview and Level Annotations

Branches:
Dungeon (6/15)
 Temple: D:4-7

Altars:


Message History

Found a scroll of revelation.
There is a stone staircase leading down here.
There are monsters nearby!
Waypoint 5 assigned to D:5.
You shoot an arrow. The arrow closely misses the gnoll.
The gnoll hits you but does no damage. The gnoll misses you.
You shoot an arrow. The arrow closely misses the gnoll.
The gnoll hits you with a +0 spear. The gnoll hits you but does no damage.
The gnoll hits you with a +0 flail. The gnoll closely misses you.
You shoot an arrow. The arrow hits the gnoll.
The gnoll is moderately wounded.
An orc wizard comes into view. It is wielding a +0 dagger.
The gnoll closely misses you. x2
The gnoll hits you from afar with a +0 spear.
The gnoll hits you with a +0 flail.
You shoot an arrow. The arrow hits the gnoll!
You kill the gnoll!
The gnoll hits you but does no damage. The gnoll closely misses you.
The gnoll barely misses you.
You shoot an arrow. The arrow hits the gnoll!
The gnoll is severely wounded.
The orc hits you with a +0 dagger. The gnoll hits you with a +0 spear.
The gnoll barely misses you. The gnoll closely misses you.
You shoot an arrow. The arrow hits the gnoll.
You kill the gnoll!
The orc hits you but does no damage. The gnoll barely misses you.
The gnoll hits you with a +0 club. The ufetubus completely misses you.
The ufetubus hits you.
Your Ranged Weapons skill increases to level 9!
You shoot an arrow.
The arrow closely misses the orc wizard.
The orc hits you with a +0 dagger. The orc wizard closely misses you.
The gnoll hits you but does no damage. The gnoll barely misses you.
The ufetubus hits you. The ufetubus barely misses you.
The orc closely misses you. The gnoll hits you with a +0 club.
The orc wizard closely misses you. The gnoll hits you but does no damage.
You shoot an arrow. The arrow hits the orc wizard!
The orc wizard is almost dead.
The ufetubus hits you.
You die...

. .. ... #
.... ###.##
....
##....g##..#
......5@o..#
.....##.o.##
... ##g..# .
...# ?..#
.... .....
......


You could see an orc wizard, 2 gnolls, an orc and an ufetubus.

Vanquished Creatures
  A jelly (D:3)
  An orc priest (D:3)
  2 gnolls (D:5)
  3 adders
  An ufetubus (D:4)
  A worm (D:3)
  4 dart slugs
  9 orcs
  A bat (D:3)
  3 endoplasms (D:1)
  4 giant cockroaches
  6 goblins
  6 hobgoblins
  6 jackals
  6 kobolds
  A quokka (D:1)
  5 ball pythons
  3 frilled lizards (D:1)
  4 rats
67 creatures vanquished.

Notes
Turn   | Place    | Note
-------+----------+-------------------------------------------
     0 | D:1      | qw the Deep Elf Hunter began the quest for the Orb.
     0 | D:1      | Reached XP level 1. HP: 12/12 MP: 3/3
     0 | D:1      | 0 ||| qw: Version: 0.3-a-9-g12657ce
     0 | D:1      | 0 ||| qw: Game counter: 2327
     0 | D:1      | 0 ||| qw: Always use a shield: true
     0 | D:1      | 0 ||| qw: God list: Okawaru
     0 | D:1      | 0 ||| qw: Allow faded altars: false
     0 | D:1      | 0 ||| qw: Do Orc after D:15 true
     0 | D:1      | 0 ||| qw: Do second Lair branch before Depths: true
     0 | D:1      | 0 ||| qw: Lair rune preference: random
     0 | D:1      | 0 ||| qw: Plans: Normal
     0 | D:1      | 0 ||| PLANNING D:1-11
   103 | D:1      | Reached XP level 2. HP: 16/16 MP: 4/4
   112 | D:1      | Reached skill level 6 in Ranged Weapons
   319 | D:1      | 319 ||| FLEEEEING.
   320 | D:1      | 320 ||| FLEEEEING.
   321 | D:1      | 321 ||| FLEEEEING.
   496 | D:1      | Reached XP level 3. HP: 17/20 MP: 5/5
   680 | D:1      | 680 ||| READING scroll labelled LODUIR SOADENAIG.
   681 | D:1      | 681 ||| READING scroll labelled SYITREL MEYTOI.
   682 | D:1      | 682 ||| DROPPING scroll of butterflies.
   822 | D:2      | Found a faded altar of an unknown god.
   855 | D:2      | Reached skill level 7 in Ranged Weapons
  1024 | D:2      | 1024 ||| READING 2 scrolls labelled ZUCVY ORPHA HOF.
  1025 | D:2      | 1025 ||| READING 3 scrolls labelled NUHECV RUNTU.
  1026 | D:2      | 1026 ||| READING scroll labelled TATODOS HIPT.
  1027 | D:2      | 1027 ||| READING scroll labelled WUEDEL JIVE.
  1028 | D:2      | 1028 ||| READING scroll labelled JOWUAR HOUD.
  1029 | D:2      | 1029 ||| DRINKING 2 sedimented silvery potions.
  1030 | D:2      | 1030 ||| DROPPING 2 scrolls of vulnerability.
  1180 | D:3      | Reached XP level 4. HP: 25/25 MP: 6/6
  1218 | D:3      | Reached skill level 8 in Ranged Weapons
  1365 | D:3      | 1365 ||| READING 3 scrolls of enchant weapon.
  1365 | D:3      | 1365 ||| ENCHANTING +1 shortbow.
  1366 | D:3      | 1366 ||| READING 2 scrolls of enchant weapon.
  1366 | D:3      | 1366 ||| ENCHANTING +2 shortbow.
  1367 | D:3      | 1367 ||| READING scroll of enchant weapon.
  1367 | D:3      | 1367 ||| ENCHANTING +3 shortbow.
  1421 | D:3      | Reached XP level 5. HP: 29/29 MP: 7/7
  1662 | D:3      | 1662 ||| UPGRADING to +0 helmet.
  1667 | D:3      | 1667 ||| READING scroll of enchant armour.
  1667 | D:3      | 1667 ||| ENCHANTING +0 helmet.
  1668 | D:3      | 1668 ||| UPGRADING to +4 ring of slaying {mikee}.
  1669 | D:3      | 1669 ||| READING scroll labelled FUROGEOWOE.
  1941 | D:4      | You fall into a shaft and drop 2 floors!
  1949 | D:6      | 1949 ||| UPGRADING to +0 ring mail.
  1959 | D:6      | 1959 ||| DROPPING +0 leather armour.
  1960 | D:6      | 1960 ||| UPGRADING to +0 pair of boots.
  1974 | D:5      | Entered Level 5 of the Dungeon
  1981 | D:5      | Reached skill level 9 in Ranged Weapons
  1981 | D:5      | HP: 5/29 [ufetubus (3)]
  1981 | D:5      | HP: 1/29 [gnoll/+0 club (4)]
  1982 | D:5      | Slain by an ufetubus

Levels and vault maps discovered:
D:1:      minmay_arrival_shoal_huts, layout_basic
D:2:      layout_basic, shapermc_ecumenical_altar_starsandcircs
D:3:      layout_loops_ring
D:4:      layout_loops_corners, minivault_25
D:5:      layout_cave_pools, minmay_temple_entry_arrows,
          eino_small_chamber_without_monster, nicolae_grassy_gnolls,
          uniq_menkaure, uniq_ijyb
D:6:      layout_basic, jmf_multi_god_temple, serial_shops, nicolae_diamond_shop

Skill      XL: |  1  2  3  4  5 |
---------------+----------------+-----
Ranged Weapons | 6 7 8 9 |  9.0
Fighting       | |  1.5
Dodging        | |  2.4
Stealth        | |  1.2

Action                     |  1- 3 |  4- 6 || total
---------------------------+-------+-------++-------
   Fire: Shortbow          |   108 |    62 ||   170
    Use: Scroll            |     7 |     5 ||    12
         Potion            |     1 |       ||     1
 Armour: Leather armour    |     3 |     5 ||     8
         Ring mail         |       |     6 ||     6
  Dodge: Dodged            |     9 |    28 ||    37

Table legend:
 A = Non-vault XP
 B = Vault XP
 C = Vault XP percentage of total XP
 D = Non-vault monster count
 E = Vault monster count
 F = Vault count percentage of total count
                 A         B        C        D         E       F
            +---------+---------+-------+---------+---------+-------
      Total |     279 |       0 |   0.0 |      67 |       0 |   0.0
            +---------+---------+-------+---------+---------+-------
        D:1 |      41 |       0 |   0.0 |      23 |       0 |   0.0
        D:2 |      25 |       0 |   0.0 |       6 |       0 |   0.0
        D:3 |     148 |       0 |   0.0 |      27 |       0 |   0.0
        D:4 |      37 |       0 |   0.0 |       9 |       0 |   0.0
        D:5 |      28 |       0 |   0.0 |       2 |       0 |   0.0
            +---------+---------+-------+---------+---------+-------
